 Dungeon Crawl Stone Soup version 0.19.4 (webtiles) character file.

617 angel3174 the Shield-Bearer (level 7, 0/54 HPs)
             Began as a Demonspawn Fighter on Feb 2, 2017.
             Succumbed to a worker ant's poison
             ... on level 4 of the Dungeon.
             The game lasted 00:20:23 (3187 turns).

angel3174 the Shield-Bearer (Demonspawn Fighter)    Turns: 3187, Time: 00:20:25

Health: 0/54       AC:  7    Str: 19    XL:     7   Next: 21%
Magic:  7/7        EV:  9    Int: 11    God:
Gold:   201        SH:  9    Dex: 12    Spells: 0 memorised, 6 levels left

rFire  + . .     SeeInvis .     k - +2 short sword (speed)
rCold  . . .     Gourm    .     r - +0 ring mail {rF+}
rNeg   . . .     Faith    .     c - +0 shield
rPois  .         Spirit   .     p - +0 helmet
rElec  .         Reflect  .     (no cloak)
rCorr  .         Harm     .     (no gloves)
MR     .....                    (no boots)
Stlth  +.........               (no amulet)
                                (no ring)
                                (no ring)

@: lethally poisoned (0 -> -3)
A: clever 1, demonic guardian 1, rot immunity
a: no special abilities


You were on level 4 of the Dungeon.
You were hungry.

You visited 1 branch of the dungeon, and saw 4 of its levels.

You collected 201 gold pieces.

Inventory:

Hand Weapons
 b - a +0 mace of protection
 k - a +2 short sword of speed (weapon)
 q - a +0 shortbow
 u - a +0 blowgun
Missiles
 a - 14 arrows
 e - 67 bolts
 v - 11 poisoned needles
Armour
 c - a +0 shield (worn)
 p - a +0 helmet (worn)
 r - a +0 ring mail of fire resistance (worn)
Scrolls
 h - 2 scrolls of amnesia
 s - a scroll of remove curse
Potions
 g - a potion of resistance
 i - a potion of mutation {unknown}
 j - a potion of lignification
 m - 2 potions of curing {unknown}
Comestibles
 f - 5 bread rations
 l - 2 slices of pizza
 o - a royal jelly
 w - 2 chunks of flesh


   Skills:
 + Level 4.0 Fighting
 + Level 3.8(4.2) Short Blades
   Level 2.4(3.5) Long Blades
 + Level 0.5 Throwing
 + Level 4.0 Armour
 + Level 1.3 Dodging
 + Level 4.2 Shields


You had 6 spell levels left.
You didn't know any spells.

Dungeon Overview and Level Annotations

Branches:
Dungeon (4/15)             Temple (0/1) D:4

Altars:
Nemelex Xobeh


Innate Abilities, Weirdness & Mutations

A weak demonic guardian rushes to your aid.
You are immune to rotting.
Your mind is acute. (Int +2)


Message History

You feel sick.
You feel sick.
A hound comes into view.
You feel sick.
The worker ant bites you but does no damage.
You feel sick.
Your white imp misses the worker ant.
You hit the hound.
The hound is moderately wounded.
The hound bites you but does no damage. The worker ant barely misses you.
You feel sick. The hound closely misses you.
Your white imp gestures at the worker ant.
The puff of frost hits the worker ant.
The worker ant dies!
The hound bites you.
* * * LOW HITPOINT WARNING * * *
The hound bites you.
* * * LOW HITPOINT WARNING * * *
Your white imp gestures at the hound.
The puff of frost hits the hound.
You die...

** ###### ,* #....#
############ ,*
#....#####5.........# ,*
#....##....†.######.#
.#########<.....@.hg#.#
#.#
.........'........###.#
#g#
.#########÷...##....#.#
#.#
,,,,,................>#
#.#
,**,*######.........(.#
#.# ,,*,* ###.......#.#
####.# ***,*
*****#.#.....###*#.##.##
*,*
*,,,...#.......,,#.....#
*,*
*,*#####.#...###,#.#####


You could see a hound, a gnoll and a friendly white imp.

Vanquished Creatures
  The ghost of appiemonkey the Skirmisher, an amateur MiAK of Lugonu (D:3)
  A phantom (D:4)
  2 big kobolds (D:3)
  Terence (D:2)
  A worker ant (D:3)
  6 gnolls
  2 adders
  A worm (D:4)
  2 dart slugs (D:1)
  2 leopard geckos
  An orc (D:3)
  2 ball pythons (D:1)
  3 giant cockroaches (D:1)
  11 goblins
  12 hobgoblins
  3 jackals (D:1)
  A quokka (D:3)
  5 bats
  6 frilled lizards
  40 kobolds
  6 rats
109 creatures vanquished.

Vanquished Creatures (collateral kills)
  A hound (D:4)
  A worker ant (D:4)
  A gnoll (D:3)
  A dart slug (D:3)
  4 kobolds (D:3)
8 creatures vanquished.

Grand Total: 117 creatures vanquished

Notes
Turn   | Place    | Note
-------+----------+-------------------------------------------
     0 | D:1      | angel3174 the Demonspawn Fighter began the quest for the Orb.
     0 | D:1      | Reached XP level 1. HP: 18/18 MP: 1/1
   276 | D:1      | Gained mutation: You are immune to rotting. [demonic ancestry]
   276 | D:1      | Reached XP level 2. HP: 23/24 MP: 2/2
   527 | D:1      | Gained mutation: A weak demonic guardian rushes to your aid. [demonic ancestry]
   527 | D:1      | Reached XP level 3. HP: 27/29 MP: 3/3
   827 | D:2      | Noticed Terence
   842 | D:2      | Killed Terence
   886 | D:2      | Reached XP level 4. HP: 35/35 MP: 4/4
  1276 | D:3      | Found a sparkling altar of Nemelex Xobeh.
  1470 | D:3      | Reached skill level 1 in Short Blades
  1536 | D:3      | Noticed appiemonkey's ghost (amateur MiAK)
  1554 | D:3      | Killed appiemonkey's ghost
  1554 | D:3      | Reached XP level 5. HP: 24/41 MP: 5/5
  1826 | D:3      | Reached XP level 6. HP: 47/47 MP: 6/6
  1992 | D:3      | Reached skill level 1 in Dodging
  1995 | D:3      | HP: 1/48 [gnoll (5)]
  2975 | D:4      | Reached XP level 7. HP: 35/54 MP: 7/7
  2993 | D:4      | Gained mutation: Your mind is acute. (Int +2) [potion of beneficial mutation]
  3186 | D:4      | HP: 1/54 [hound (2)]
  3187 | D:4      | Succumbed to a worker ant's poison

Skill      XL: |  1  2  3  4  5  6  7 |
---------------+----------------------+-----
Shields        | 3 4 |  4.2
Long Blades    | 2 |  2.4
Armour         | 3 4 |  4.0
Short Blades   | 2 3 |  3.8
Dodging        | 1 |  1.3
Fighting       | 4 |  4.0
Throwing       | |  0.5

Action                   |  1- 3 |  4- 6 |  7- 9 || total
-------------------------+-------+-------+-------++-------
Melee: Long sword        |    57 |       |       ||    57
       Short sword       |    55 |   268 |    20 ||   343
Throw: Javelin           |       |     5 |     2 ||     7
  Use: Scroll            |     2 |     4 |     4 ||    10
       Potion            |       |     2 |     1 ||     3
  Eat: Chunk             |       |     7 |       ||     7
Armor: Scale mail        |    55 |       |       ||    55
       Ring mail         |     1 |    53 |    11 ||    65
Dodge: Dodged            |    36 |    50 |    10 ||    96
Block: Shield            |    46 |    82 |    13 ||   141
       Rpst.: Long sword |     7 |       |       ||     7
